 Dungeon Crawl Stone Soup version 0.28.0-53-g5a82cb258f (webtiles) character file.

Game seed: 17559087963015323410

22 Zeld the Insei (level 2, 0/18 HPs)
             Began as an Octopode Transmuter on May 22, 2022.
             Killed from afar by Natasha (5 damage)
             ... with a magic dart
             ... on level 2 of the Dungeon.
             The game lasted 00:00:47 (1261 turns).

Zeld the Insei (Octopode Transmuter)                Turns: 1261, Time: 00:00:48

Health: 0/18       AC:  1    Str:  9    XL:     2   Next: 91%
Magic:  5/5        EV: 13    Int: 15    God:
Gold:   130        SH:  0    Dex: 12    Spells: 2/5 levels left

rFire   . . .      SeeInvis .     - Unarmed
rCold   . . .      Faith    .   (no shield)
rNeg    . . .      Spirit   .   (helmet restricted)
rPois   .          Reflect  .   (no amulet)
rElec   .          Harm     .   (no ring)
rCorr   .          Rampage  .   (no ring)
Will    .....                   (no ring)
Stlth   +++.......              (no ring)
HPRegen 0.06/turn               (no ring)
MPRegen 0.09/turn               (no ring)
                                (no ring)
                                (no ring)

@: no status effects
A: almost no armour, amphibious, 8 rings, camouflage 1, gelatinous body 1,
(nimble swimmer 1), tentacles
a: no special abilities


You were on level 2 of the Dungeon.
You visited 1 branch of the dungeon, and saw 2 of its levels.

You collected 130 gold pieces.

Inventory:

Scrolls
 a - a scroll of amnesia {unknown}
Potions
 b - a potion of heal wounds


   Skills:
 + Level 1.2 Fighting
 - Level 2.0 Dodging
 + Level 1.0 Stealth
 - Level 3.0 Unarmed Combat
 * Level 2.3 Spellcasting
 * Level 2.3 Transmutations
 + Level 0.3 Ice Magic
 + Level 0.8 Poison Magic


You had 2 spell levels left.
You knew the following spells:

 Your Spells              Type           Power      Damage    Failure   Level
a - Beastly Appendage     Tmut           16%        N/A       9%          1
b - Wereblood             Tmut           8%         N/A       12%         2

Your spell library contained the following spells:

 Spells                   Type           Power      Damage    Failure   Level
 Spider Form              Tmut/Pois      6%         N/A       32%         3
 Ice Form                 Ice/Tmut       5%         N/A       77%         4


Dungeon Overview and Level Annotations

Branches:
Dungeon (2/15)

Altars:

Annotations:
D:2 Natasha


Innate Abilities, Weirdness & Mutations

You cannot wear most types of armour.
You are amphibious.
You can wear up to eight rings at the same time.
Your skin changes colour to match your surroundings (Stealth+).
Your rubbery body absorbs attacks. (AC +1, EV +1)
((You are camouflaged when in or above water. (Stealth+)))
You have tentacles for arms and can constrict up to eight enemies at once.


Message History

An adder comes into view.
The helpless Natasha fails to defend herself.
You tentacle-slap Natasha.
The adder hisses angrily.
You grab Natasha.
Natasha is lightly wounded.
You constrict Natasha, but do no damage.
Natasha claws you!
The kobold shouts!
You tentacle-slap Natasha.
You pierce Natasha.
You squeeze Natasha, but do no damage.
Natasha is heavily wounded.
You constrict Natasha.
You hear a shout!
A goblin comes into view. It is wielding a +0 dagger.
Natasha drinks a potion.
Natasha is healed!
You release your grip on Natasha.
A bat comes into view.
Natasha casts a spell at you. You resist with significant effort.
You tentacle-slap the adder. You grab the adder. You squeeze the adder.
The adder is moderately wounded.
You constrict the adder. The adder closely misses you.
Natasha mumbles some strange words.
You tentacle-slap the adder.
Your tentacle spike misses the adder.
You squeeze the adder, but do no damage.
The adder is heavily wounded.
You constrict the adder. The adder bites you.
You barely miss the adder. You squeeze the adder.
The adder is severely wounded.
Your tentacle spike disappears.
You constrict the adder. The adder closely misses you. The adder bites you.
* * * LOW HITPOINT WARNING * * *
You tentacle-slap the adder.
You kill the adder!
Natasha mumbles some strange words.
Natasha's front paws start to glow.
Natasha casts a spell at you. The magic dart hits you.
You die...

#.#####.#
#.#...#.#
#.#.#.#.#
#.#.#.#.#
#.#.#.#.#
#.#.#@#.#
#.#.#h#.#####
#...#.5.....#
#.#.#.......#
#.#.#...g...#
#.#.#.......#
#.#.#..........
#.#<#..........
#.###.........b


You could see Natasha, a white imp (summoned) and a goblin.

Vanquished Creatures
  An adder (D:2)
  2 ball pythons (D:1)
  5 bats (D:1)
  2 endoplasms (D:1)
  2 giant cockroaches (D:1)
  A goblin (D:1)
  2 hobgoblins (D:1)
  2 kobolds (D:1)
  2 frilled lizards (D:1)
  2 rats (D:1)
21 creatures vanquished.

Vanquished Creatures (others)
  6 toadstools (D:1)
6 creatures vanquished.

Grand Total: 27 creatures vanquished

Notes
Turn   | Place    | Note
-------+----------+-------------------------------------------
     0 | D:1      | Zeld the Octopode Transmuter began the quest for the Orb.
     0 | D:1      | Reached XP level 1. HP: 13/13 MP: 3/3
   423 | D:1      | Reached XP level 2. HP: 17/18 MP: 3/5
   628 | D:1      | Learned a level 2 spell: Wereblood
  1004 | D:1      | Reached skill level 1 in Stealth
  1246 | D:2      | Noticed Natasha
  1261 | D:2      | Killed from afar by Natasha

Illustrated notes

Levels and vault maps discovered:
D:1:      giann_forest_graveyard, layout_basic, minmay_gold_behind_fungi,
          minmay_misc_feat_alley, grunt_decor_cap
D:2:      minmay_diamond_boxcup, layout_basic, serial_glass, glass_columns_a,
          glass_columns_a, uniq_terence, uniq_robin, uniq_natasha, uniq_jessica,
          uniq_crazy_yiuf_cottage

Skill      XL: |  1  2 |
---------------+-------+-----
Stealth        | 1 |  1.0
Fighting       | |  1.2
Dodging        | |  2.0
Unarmed Combat | |  3.0
Spellcasting   | |  2.3
Transmutations | |  2.3
Ice Magic      | |  0.3
Poison Magic   | |  0.8

Action                   || total
-------------------------++-------
Melee: Unarmed           ||    43
       Kick              ||    12
       Tentacles         ||    11
       Constrict         ||    10
 Cast: Beastly Appendage ||    17
 Stab: Sleeping          ||     3
Armor: Skin              ||     4
Dodge: Dodged            ||    36
